 Dungeon Crawl Stone Soup version 0.29.1-2-gbd0b4ee654 (webtiles) character file.

Game seed: 10997636016613235991

28 DildoBatman the Conjurer (level 3, 0/19 (26) HPs)
             Began as a Formicid Conjurer on Nov 25, 2022.
             Slain by a necrophage (3 damage)
             ... on level 4 of the Dungeon.
             The game lasted 00:02:15 (1010 turns).

DildoBatman the Conjurer (Formicid Conjurer)        Turns: 1010, Time: 00:02:16

HP:   0/19 (26)     AC:  2    Str: 11    XL:     3   Next: 27%
MP:   0/6           EV: 12    Int: 19    God:
Gold: 143           SH:  0    Dex: 12    Spells: 4/7 levels left

rFire   . . .      SeeInvis +   a - +0 sling
rCold   . . .      Faith    .   (no shield)
rNeg    . . .      Spirit   .   k - +0 robe
rPois   .          Reflect  .   (helmet unavailable)
rElec   .          Harm     .   (no cloak)
rCorr   .          Rampage  .   (no gloves)
Will    .....                   (no boots)
Stlth   ++........              r - amulet of regeneration
HPRegen 0.86/turn               (no ring)
MPRegen 0.10/turn               (no ring)

@: very heavily drained
A: permanent stasis, dig shafts and tunnels, antennae 3, four strong arms
a: Dig, Shaft Self


You were on level 4 of the Dungeon.
You visited 1 branch of the dungeon, and saw 3 of its levels.

You collected 143 gold pieces.

Inventory:

Hand Weapons
 a - a +0 sling (weapon)
 b - a +0 short sword
Missiles
 g - 30 stones
 j - 3 atropa-tipped darts
Armour
 k - a +0 robe (worn)
Jewellery
 r - an amulet of regeneration (around neck)
Scrolls
 f - 2 scrolls of identify {unknown}
 h - a scroll of butterflies {unknown}
Potions
 c - a potion of magic
 d - a potion of resistance {unknown}
 e - a potion of berserk rage {unknown}
 i - a potion of curing {unknown}
 l - a potion of degeneration {unknown}


   Skills:
 * Level 1.1 Fighting
 * Level 1.1 Armour
 - Level 2.0 Dodging
 - Level 2.4 Stealth
 * Level 2.5 Spellcasting
 * Level 3.8 Conjurations


You had 4 spell levels left.
You knew the following spells:

 Your Spells              Type           Power      Damage    Failure   Level
a - Searing Ray           Conj           34%        2d5       4%          2
c - Magic Dart            Conj           68%        1d6       3%          1

Your spell library contained the following spells:

 Spells                   Type           Power      Damage    Failure   Level
 Dazzling Flash           Conj/Hex       18%        N/A       22%         3
 Fulminant Prism          Conj/Hex       4%         3d6       58%         4
 Iskenderun's Mystic Bla  Conj/Tloc      9%         2d4       58%         4


Dungeon Overview and Level Annotations

Branches:
Dungeon (2/15)

Altars:

Annotations:
D:2 Natasha


Innate Abilities, Weirdness & Mutations

You cannot be hasted, slowed, berserked, paralysed or teleported.
You can dig through walls and to a lower floor.
You have a pair of large antennae on your head. (SInv)
Your four strong arms can wield two-handed weapons with a shield.


Message History

The necrophage hits you.
Casting: Searing Ray (safe; 4% risk of failure)
Confirm with . or Enter, or press ? or * to list all spells.
Aiming: Magic Dart (safe; 3% risk of failure)
Press: ? - help, Shift-Dir - straight line, f/p - necrophage
Aim: a necrophage (severely damaged, 100% to hit)
The magic dart hits the necrophage.
The necrophage is almost destroyed.
The necrophage hits you.
You shoot a sling bullet.
The sling bullet barely misses the necrophage.
The necrophage barely misses you.
You shoot a sling bullet.
The sling bullet closely misses the necrophage.
The necrophage hits you.
You feel drained. The necrophage hits you.
You feel drained.
You shoot a sling bullet.
The sling bullet closely misses the necrophage.
The necrophage hits you.
You feel drained.
Casting: Magic Dart (safe; 3% risk of failure)
Confirm with . or Enter, or press ? or * to list all spells.
Aiming: Magic Dart (safe; 3% risk of failure)
Press: ? - help, Shift-Dir - straight line, f/p - necrophage
Aim: a necrophage (severely damaged, 100% to hit)
The magic dart hits the necrophage.
The necrophage is almost destroyed.
The necrophage hits you.
You shoot a sling bullet.
The sling bullet barely misses the necrophage.
The necrophage hits you.
You feel drained.
You shoot a sling bullet.
The sling bullet hits the necrophage but does no damage.
The necrophage is almost destroyed.
The necrophage hits you but does no damage.
The necrophage hits you.
You die...

#########
......n.# #@#
#.# #.# #####
#.# ##...##
#.####.###.##
#.##...# #..#
#.##...###..#
#.##..#...#.#
#.##..##.##.#


You could see a necrophage.

Vanquished Creatures
  A worm (D:2)
  An endoplasm (D:2)
  A giant cockroach (D:1)
  3 goblins (D:1)
  A hobgoblin (D:1)
  2 jackals (D:2)
  2 quokkas (D:1)
  A ball python (D:1)
  2 bats (D:1)
  4 frilled lizards
  2 kobolds (D:1)
  4 rats (D:1)
24 creatures vanquished.

Notes
Turn   | Place    | Note
-------+----------+-------------------------------------------
     0 | D:1      | DildoBatman the Formicid Conjurer began the quest for the
                  | Orb.
     0 | D:1      | Reached XP level 1. HP: 13/13 MP: 3/3
   184 | D:1      | Reached XP level 2. HP: 20/20 MP: 1/5
   187 | D:1      | Learned a level 2 spell: Searing Ray
   711 | D:1      | Reached skill level 1 in Fighting
   745 | D:1      | Reached skill level 1 in Armour
   820 | D:2      | Reached XP level 3. HP: 26/26 MP: 4/6
   949 | D:2      | Noticed Natasha
   952 | D:2      | You fall into a shaft and drop 2 floors!
   996 | D:4      | Noticed a necrophage
  1009 | D:4      | HP: 1/20 [necrophage (6)]
  1010 | D:4      | Slain by a necrophage

Illustrated notes

Levels and vault maps discovered:
D:1:      psy_arrival_terrarium, layout_basic
D:2:      layout_loops_ring, basic_ecumenical_altar, uniq_natasha
D:4:      layout_loops_ring, trog_book, uniq_menkaure, uniq_sigmund

Skill      XL: |  1  2 |
---------------+-------+-----
Dodging        | 2 |  2.0
Fighting       | 1 |  1.1
Armour         | 1 |  1.1
Stealth        | |  2.4
Spellcasting   | |  2.5
Conjurations   | |  3.8

Action                   || total
-------------------------++-------
Melee: Short sword       ||    51
 Fire: Sling             ||    16
 Cast: Magic Dart        ||    20
       Searing Ray       ||     3
 Abil: Shaft Self        ||     1
 Stab: Distracted        ||     1
Armor: Robe              ||    20
Dodge: Dodged            ||    37
